 Dungeon Crawl Stone Soup version 0.28-b1-25-g9875b3fc8c (webtiles) character file.

Game seed: 17868874658670006587

220 dorian the Chopper (level 5, -5/43 HPs)
             Began as a Palentonga Fighter on Feb 7, 2022.
             Killed from afar by a white imp (11 damage)
             ... with a puff of frost
             ... on level 4 of the Dungeon.
             The game lasted 00:04:43 (3728 turns).

dorian the Chopper (Palentonga Fighter)             Turns: 3728, Time: 00:04:43

Health: -5/43      AC:  6    Str: 21    XL:     5   Next: 64%
Magic:  5/5        EV:  7    Int:  8    God:
Gold:   153        SH:  4    Dex: 10    Spells: 4/4 levels left

rFire   . . .      SeeInvis +   a - +0 war axe
rCold   . . .      Faith    .   c - +0 buckler
rNeg    . . .      Spirit   .   b - +0 scale mail
rPois   .          Reflect  .   (no helmet)
rElec   .          Harm     .   (no cloak)
rCorr   .          Rampage  .   (no gloves)
Will    .....                   (no barding)
Stlth   ..........              (no amulet)
HPRegen 0.14/turn               (no ring)
MPRegen 0.09/turn               (no ring)

@: no status effects
A: large, rugged brown scales 3, see invisible, deformed body, roll 1, armoured
tail
a: Rolling Charge


You were on level 4 of the Dungeon.
You visited 1 branch of the dungeon, and saw 4 of its levels.

You collected 153 gold pieces.

Inventory:

Hand Weapons
 a - a +0 war axe (weapon)
Armour
 b - a +0 scale mail (worn)
 c - a +0 buckler (worn)
Jewellery
 d - a ring of wizardry
Wands
 o - a wand of digging (2)
Scrolls
 e - 3 scrolls of enchant weapon {unknown}
 h - a scroll of blinking {unknown}
 i - a scroll of teleportation {unknown}
 k - a scroll of acquirement {unknown}
 m - 4 scrolls of noise {unknown}
Potions
 f - a potion of curing {unknown}
 g - a potion of flight {unknown}
 j - 3 potions of brilliance {unknown}
 l - 3 potions of lignification {unknown}
 n - a potion of heal wounds {unknown}
 p - a potion of berserk rage {unknown}


   Skills:
 - Level 3.5 Fighting
 + Level 5.0 Axes
 - Level 2.9 Armour
 - Level 2.9 Shields


You had 4 spell levels left.
You didn't know any spells.
Your spell library was empty.

Dungeon Overview and Level Annotations

Branches:
Dungeon (4/15)
 Temple: D:4-7

Altars:

Annotations:
D:2 Terence


Innate Abilities, Weirdness & Mutations

You are completely covered in rugged brown scales. (AC +3, +7% HP)
You have supernaturally acute eyesight. (SInv)
Armour fits poorly on your strangely shaped body.
You can roll at nearby foes to attack.
You have a long armoured tail.


Message History

You are too injured to fight recklessly!
You are too injured to fight recklessly!
You barely miss the howler monkey.
The howler monkey is severely wounded.
The howler monkey barely misses you.
You barely miss the howler monkey.
The howler monkey is severely wounded.
You block the howler monkey's attack. The howler monkey barely misses you.
You barely miss the howler monkey. You tail-slap the howler monkey!
You kill the howler monkey!
A kobold comes into view. It is wielding a +0 short sword.
The kobold throws a stone.
You block the stone.
The kobold throws a stone.
The stone hits you.
Roll where?
Press: ? - help, Dir - move target, f - kobold
Aim: a kobold, wielding a +0 short sword and quivering stones You roll forward with a clatter of scales!
You hit the kobold.
You kill the kobold!
Your Axes skill increases to level 5!
A white imp comes into view.
The white imp gestures at you.
The puff of frost hits you but does no damage.
Roll where?
Press: ? - help, Dir - move target, f - white imp
Aim: a white imp You roll forward with a clatter of scales!
You closely miss the white imp.
You tail-slap the white imp, but do no damage.
The white imp gestures at you. The puff of frost hits you!
* * * LOW HITPOINT WARNING * * *
The white imp gestures at you. The puff of frost hits you.
* * * LOW HITPOINT WARNING * * *
Unknown command.
You barely miss the white imp. The white imp gestures at you.
The puff of frost hits you!
You die...

#.#.#.# #. #.#.#.#
#.....# ###.###
########.# ..
#........# ..
#........# ...
###.....)..# ....
#..5@°○°...#+####....
#.#..................
...######............
.... #........####
#.### #........# #
#............
#...........#
#...........#
#########...#


You could see a white imp.

Vanquished Creatures
  A howler monkey (D:4)
  A bullfrog skeleton (D:4)
  A centaur skeleton (D:4)
  3 adders
  2 adder skeletons (D:4)
  2 dart slugs
  5 orcs (D:3)
  5 endoplasms
  4 giant cockroaches
  3 goblins
  6 hobgoblins
  9 jackals
  8 kobolds
  6 quokkas
  6 ball pythons
  5 bats
  5 frilled lizards
  A quokka skeleton (D:2)
  4 rats
77 creatures vanquished.

Vanquished Creatures (others)
  A withered plant (D:2)
1 creature vanquished.

Grand Total: 78 creatures vanquished

Notes
Turn   | Place    | Note
-------+----------+-------------------------------------------
     0 | D:1      | dorian the Palentonga Fighter began the quest for the Orb.
     0 | D:1      | Reached XP level 1. HP: 19/19 MP: 1/1
   141 | D:1      | Reached XP level 2. HP: 24/25 MP: 2/2
   962 | D:1      | Reached XP level 3. HP: 31/31 MP: 3/3
  1457 | D:2      | Found a faded altar of an unknown god.
  1988 | D:2      | Noticed Terence
  2669 | D:3      | Reached XP level 4. HP: 37/37 MP: 4/4
  2857 | D:3      | Reached skill level 3 in Axes
  3437 | D:4      | Reached skill level 4 in Axes
  3437 | D:4      | Reached XP level 5. HP: 31/43 MP: 5/5
  3723 | D:4      | Reached skill level 5 in Axes
  3728 | D:4      | Killed from afar by a white imp

Illustrated notes

Levels and vault maps discovered:
D:1:      matt_arrival_spirals, layout_rooms
D:2:      layout_loops_ring, ebering_ecumenical_altar_petrified,
          columned_hall_lemuel, uniq_terence
D:3:      layout_basic, kennysheep_another_room
D:4:      layout_basic

Skill      XL: |  1  2  3  4  5 |
---------------+----------------+-----
Axes           | 4 5 |  5.0
Fighting       | |  3.5
Armour         | |  2.9
Shields        | |  2.9

Action                   |  1- 3 |  4- 6 || total
-------------------------+-------+-------++-------
Melee: War axe           |   160 |    97 ||   257
       Tailslap          |    11 |    11 ||    22
 Abil: Rolling Charge    |     1 |     4 ||     5
  Use: Potion            |     1 |       ||     1
Armor: Scale mail        |   121 |    55 ||   176
Dodge: Dodged            |    90 |    42 ||   132
Block: Buckler           |    55 |    20 ||    75
